 Dungeon Crawl Stone Soup version 0.29-a0-551-gffc1d7fb78 (webtiles) character file.

Game seed: 15713580048500630201

18 freelancePsychic the Grave Robber (level 2, -9/25 HPs)
             Began as a Naga Wanderer on June 6, 2022.
             Killed by nerve-wracking pain
             ... invoked by Jessica
              (14 damage)
             ... on level 2 of the Dungeon.
             The game lasted 00:03:11 (885 turns).

freelancePsychic the Grave Robber (Naga Wanderer)    Turns: 885, Time: 00:03:12

Health: -9/25      AC:  1    Str: 12    XL:     2   Next: 70%
Magic:  0/5        EV:  9    Int: 12    God:
Gold:   36         SH:  3    Dex: 12    Spells: 4/5 levels left

rFire   . . .      SeeInvis +   a - +0 club
rCold   . . .      Faith    .   d - +0 buckler
rNeg    . . .      Spirit   .   c - +0 robe
rPois   +          Reflect  .   (no helmet)
rElec   .          Harm     .   (no cloak)
rCorr   .          Rampage  .   (no gloves)
Will    .....                   (no barding)
Stlth   ++........              (no amulet)
HPRegen 0.08/turn               f - +4 ring of slaying
MPRegen 0.09/turn               (no ring)

@: short of breath, very slow
A: AC +0, large, see invisible, deformed body, poison resistance, slowness 2,
spit poison 1, naga tail 1
a: Spit Poison


You were on level 2 of the Dungeon.
You visited 1 branch of the dungeon, and saw 2 of its levels.

You collected 36 gold pieces.

Inventory:

Hand Weapons
 a - a +0 club (weapon)
Armour
 c - a +0 robe (worn)
 d - a +0 buckler (worn)
Jewellery
 f - a +4 ring of slaying (left hand)


   Skills:
 - Level 1.0 Fighting
 - Level 1.5 Dodging
 + Level 1.6 Stealth
 - Level 1.0 Shields
 + Level 2.2 Spellcasting
 - Level 1.0 Conjurations
 * Level 3.4 Necromancy


You had 4 spell levels left.
You knew the following spells:

 Your Spells              Type           Power      Damage    Failure   Level
a - Necrotize             Necr           36%        1d5       9%          1

Your spell library contained the following spells:

 Spells                   Type           Power      Damage    Failure   Level
 Sublimation of Blood     Necr           9%         N/A       12%         2
 Vampiric Draining        Necr           9%         2d6       24%         3
 Shock                    Conj/Air       8%         1d3       28%         1
 Stone Arrow              Conj/Erth      4%         3d7       63%         3


Dungeon Overview and Level Annotations

Branches:
Dungeon (2/15)

Altars:

Annotations:
D:2 Jessica, Terence


Innate Abilities, Weirdness & Mutations

Your serpentine skin is tough. (AC +0)
You have supernaturally acute eyesight. (SInv)
Armour fits poorly on your strangely shaped body.
Your system is resistant to poisons. (rPois)
You cover ground very slowly.
You can spit poison.
You have a snake-like lower body.


Message History

Jessica struggles to resist.
Jessica points at you and mumbles some strange words.
Pain shoots through your body!
Casting: Necrotize (safe; 9% risk of failure)
Confirm with . or Enter, or press ? or * to list all spells.
Aiming: Necrotize (safe; 9% risk of failure)
Press: ? - help, Shift-Dir - straight line, f/p - Jessica
Aim: Jessica, wielding a +0 club and wearing a +2 robe of fire resistance (fast, chance to affect: 69%) Jessica writhes in agony.
Jessica completely misses you. x2
Aiming: Spit Poison (2% risk of failure)
Press: ? - help, Shift-Dir - straight line, f/p - Jessica
Aim: Jessica, wielding a +0 club and wearing a +2 robe of fire resistance (moderately wounded, fast, 59% to hit)
The splash of poison misses Jessica.
Jessica grins evilly.
Jessica hits you with a +0 club.
Casting: Necrotize (safe; 9% risk of failure)
Confirm with . or Enter, or press ? or * to list all spells.
Aiming: Necrotize (safe; 9% risk of failure)
Press: ? - help, Shift-Dir - straight line, f/p - Jessica
Aim: Jessica, wielding a +0 club and wearing a +2 robe of fire resistance (moderately wounded, fast, ally target, chance to affect: 69%) Jessica struggles to resist.
Jessica closely misses you. Jessica hits you with a +0 club.
* * * LOW HITPOINT WARNING * * *
Your kobold skeleton hits Jessica.
You feel better. Jessica hits you with a +0 club.
* * * LOW HITPOINT WARNING * * *
Your kobold skeleton hits Jessica but does no damage.
Casting: Necrotize (safe; 9% risk of failure)
Confirm with . or Enter, or press ? or * to list all spells.
Aiming: Necrotize (safe; 9% risk of failure)
Press: ? - help, Shift-Dir - straight line, f/p - Jessica
Aim: Jessica, wielding a +0 club and wearing a +2 robe of fire resistance (moderately wounded, fast, ally target, chance to affect: 69%) Jessica writhes in agony.
Jessica barely misses you. x2
As you read the scroll labelled OSIHUOW SYHETI, it crumbles to dust.
You feel aware of your surroundings.
You sensed 1 altar, and 1 shop/portal.
It was a scroll of magic mapping.
Jessica casts a spell at you. Pain shoots through your body!
Ouch! That really hurt!
You die...

.....#.#..........#.......@,,,,,,
##........................#*****,
.#...#.....................,,,,,,
.............@.............,,,,,*
...####.......K.###........,,,,,*
.#.###..###.#...###........,,,,,*
......,** #.###..Z.........,,,,,*
...[.#** ### ###@.#..#....,,,,,*
.###.#* #@..#.....,.*,,,,* .#
*,,* #...######..,,,,,, ## **,*
##..##**,,,,,,,,*,* ***
#...#*,,,****,,,,,, #...#*,***
*,,,,,, ##...#*** *,,,,,,
###...## *,,,,,, ## ###.....#
*,,,,,, .## ##......##
************,*


You could see Jessica (fast, ally target) and a friendly kobold skeleton.

Vanquished Creatures
  A dart slug (D:1)
  3 giant cockroaches (D:1)
  A hobgoblin (D:1)
  2 jackals
  3 kobolds
  A quokka (D:1)
  A bat (D:1)
  3 rats (D:1)
15 creatures vanquished.

Notes
Turn   | Place    | Note
-------+----------+-------------------------------------------
     0 | D:1      | freelancePsychic the Naga Wanderer began the quest for the
                  | Orb.
     0 | D:1      | freelancePsychic set off with the following items: a +0
                  | club, a scroll of teleportation {@r4}, a +0 robe, a +0
                  | buckler; and the following spells available to memorise:
                  | Necrotize, Sublimation of Blood, Shock, Vampiric Draining,
                  | Stone Arrow
     0 | D:1      | Reached XP level 1. HP: 18/18 MP: 3/3
     2 | D:1      | Learned a level 1 spell: Necrotize
   443 | D:1      | Reached skill level 1 in Stealth
   443 | D:1      | Reached XP level 2. HP: 20/25 MP: 0/5
   855 | D:2      | Noticed Terence
   867 | D:2      | Noticed Jessica
   885 | D:2      | Killed from afar by Jessica

Illustrated notes

Levels and vault maps discovered:
D:1:      dpeg_arrival_simpleton_b, layout_rooms
D:2:      layout_rooms, basic_altar, serial_shops,
          nicolae_shop_temple_entry_statues_fountains, serial_curves,
          eino_curves_04, eino_curves_01, eino_curves_03,
          nicolae_concentric_dashed_squares_wild, uniq_jessica, uniq_terence,
          uniq_sigmund

Skill      XL: |  1 |
---------------+----+-----
Stealth        | 1 |  1.6
Fighting       | |  1.0
Dodging        | |  1.5
Shields        | |  1.0
Spellcasting   | |  2.2
Conjurations   | |  1.0
Necromancy     | |  3.4

Action                   || total
-------------------------++-------
Melee: Club              ||    10
 Cast: Necrotize         ||    30
 Abil: Spit Poison       ||     9
  Use: Scroll            ||     2
       Potion            ||     2
Armor: Robe              ||     3
Dodge: Dodged            ||    25
Block: Buckler           ||     1

Table legend: (Time is in decaauts)
 A = Elapsed time spent in this place.
 B = Non-inter-level travel time spent in this place.
 C = Inter-level travel time spent in this place.
 D = Time resting spent in this place.
 E = Time spent auto-exploring this place.
 F = Levels seen in this place.
 G = Mean time per level.
                   A        B        C        D        E       F      G
               +--------+--------+--------+--------+--------+-----+--------+
         Total |    991 |    991 |      0 |     45 |    755 |   2 |  495.5 |
       Dungeon |    991 |    991 |      0 |     45 |    755 |   2 |  495.5 |
               +--------+--------+--------+--------+--------+-----+--------+

Top non-repeatable levels by time:
     D:1: 739 daAuts
     D:2: 252 daAuts
